 Dungeon Crawl Stone Soup version 0.25.0-1-g7eea58d2a3 (webtiles) character file.

Game seed: 11712503756063493038

15 Chiseanne the Shooter (level 2, 0/23 HPs)
             Began as a Gnoll Wanderer on June 13, 2020.
             Slain by an ooze (1 damage)
             ... on level 1 of the Dungeon.
             The game lasted 00:01:21 (562 turns).

Chiseanne the Shooter (Gnoll Wanderer)               Turns: 562, Time: 00:01:22

Health: 0/23       AC:  2    Str: 15    XL:     2   Next: 50%
Magic:  3/7        EV: 11    Int: 15    God:
Gold:   51         SH:  0    Dex: 12    Spells: 9/10 levels left

rFire    . . .     SeeInvis .   a - +2 dagger
rCold    . . .     Gourm    .   (no shield)
rNeg     . . .     Faith    .   f - +0 robe
rPois    .         Spirit   .   (no helmet)
rElec    .         Reflect  .   (no cloak)
rCorr    .         Harm     .   (no gloves)
MR       .....                  (no boots)
Stlth    +.........             (no amulet)
HPRegen  0.07/turn              (no ring)
MPRegen  0.10/turn              (no ring)

@: no status effects
A: distributed training, fangs 1, strong nose
a: no special abilities


You were on level 1 of the Dungeon.
You were not hungry.

You visited 1 branch of the dungeon, and saw 2 of its levels.

You collected 51 gold pieces.

Inventory:

Hand Weapons
 a - a +2 dagger (weapon)
 c - a +0 shortbow
Missiles
 b - 3 curare-tipped darts (quivered)
 d - 27 arrows
 h - 32 bolts
 o - 2 javelins
Armour
 f - a +0 robe (worn)
Scrolls
 i - a scroll of identify {unknown}
 l - 2 scrolls of teleportation {unknown}
Potions
 e - 2 potions of might {unknown}
 j - 2 potions of degeneration {unknown}
 k - 3 potions of curing {unknown}
Comestibles
 g - 3 rations


   Skills:
 + Level 2.5 Fighting
 + Level 0.4 Short Blades
 + Level 0.4 Long Blades
 + Level 0.4 Axes
 + Level 0.4 Maces & Flails
 + Level 0.4 Polearms
 + Level 0.4 Staves
 + Level 0.4 Slings
 + Level 6.5 Bows
 + Level 0.4 Crossbows
 + Level 2.5 Throwing
 + Level 2.5 Armour
 + Level 0.4 Dodging
 + Level 0.4 Stealth
 + Level 2.5 Shields
 + Level 0.4 Unarmed Combat
 + Level 4.9 Spellcasting
 + Level 2.0 Conjurations
 + Level 0.2 Hexes
 + Level 0.2 Charms
 + Level 0.2 Summonings
 + Level 0.2 Necromancy
 + Level 0.2 Translocations
 + Level 0.2 Transmutations
 + Level 0.2 Fire Magic
 + Level 0.2 Ice Magic
 + Level 0.2 Air Magic
 + Level 0.2 Earth Magic
 + Level 0.2 Poison Magic
 + Level 0.5 Invocations
 + Level 0.4 Evocations


You had 9 spell levels left.
You knew the following spells:

 Your Spells              Type           Power        Failure   Level  Hunger
a - Foxfire               Conj/Fire      #...         11%         1    None

Your spell library contained the following spells:

 Spells                   Type           Power        Failure   Level  Hunger
 Dazzling Flash           Conj/Hex       #.....       30%         3    ###....


Dungeon Overview and Level Annotations

Branches:
Dungeon (2/15)

Altars:


Innate Abilities, Weirdness & Mutations

Your experience applies equally to all skills.
You have very sharp teeth.
Your uncanny sense of smell can sniff out nearby items.


Message History

The dart slug launches a dart at you. The slug dart hits you.
The goblin barely misses you.
Casting: Foxfire (safe; 11% risk of failure)
Confirm with . or Enter, or press ? or * to list all spells.
You conjure some foxfire!
The foxfire hits the bat.
You kill the bat!
The hobgoblin closely misses you. The ooze misses you.
The dart slug launches a dart at you. The slug dart hits you.
The goblin misses you.
The foxfire hits the goblin.
You kill the goblin!
The hobgoblin hits you.
* * * LOW HITPOINT WARNING * * *
The ooze hits you but does no damage.
Casting: Foxfire (safe; 11% risk of failure)
Confirm with . or Enter, or press ? or * to list all spells.
You conjure some foxfire!
The hobgoblin hits you.
* * * LOW HITPOINT WARNING * * *
The ooze hits you.
You die...

#.........
..(..... āˆ†
.......
#.....#
##.....##
#.......#
#.)gJ...#
#.v@)w..#
##vĀ§....#
##.(.#..#āˆ†
###.# .# .#
## āˆ†


You could see an ooze, a dart slug and a hobgoblin.

Vanquished Creatures
  A leopard gecko (D:1)
  A giant cockroach (D:1)
  2 goblins
  A hobgoblin (D:1)
  4 kobolds
  2 bats
  A frilled lizard (D:2)
  A rat (D:1)
13 creatures vanquished.

Vanquished Creatures (collateral kills)
  2 rats (D:1)
2 creatures vanquished.

Vanquished Creatures (others)
  39 foxfires
39 creatures vanquished.

Grand Total: 54 creatures vanquished

Notes
Turn   | Place    | Note
-------+----------+-------------------------------------------
     0 | D:1      | Chiseanne the Gnoll Wanderer began the quest for the Orb.
     0 | D:1      | Chiseanne set off with the following items: a +2 dagger, 3
                  | curare-tipped darts, a +0 shortbow, 27 arrows, a +0 robe, a
                  | ration; and the following spell memorised: Foxfire; and the
                  | following spells available to memorise: Dazzling Flash
     0 | D:1      | Reached XP level 1. HP: 17/17 MP: 6/6
   163 | D:1      | Reached XP level 2. HP: 19/23 MP: 2/7
   562 | D:1      | HP: 1/23 [hobgoblin (5)]
   562 | D:1      | Slain by an ooze

Illustrated notes

Levels and vault maps discovered:
D:1:      dpeg_arrival_long_road, layout_rooms
D:2:      layout_rooms, nicolae_dithmenos_through_a_glass_darkly, first_ration,
          minmay_bisected, uniq_crazy_yiuf_cottage

Skill      XL: |  1 |
---------------+----+-----
Conjurations   | 2 |  2.0
Fighting       | |  2.5
Short Blades   | |  0.4
Long Blades    | |  0.4
Axes           | |  0.4
Maces & Flails | |  0.4
Polearms       | |  0.4
Staves         | |  0.4
Slings         | |  0.4
Bows           | |  6.5
Crossbows      | |  0.4
Throwing       | |  2.5
Armour         | |  2.5
Dodging        | |  0.4
Stealth        | |  0.4
Shields        | |  2.5
Unarmed Combat | |  0.4
Spellcasting   | |  4.9
Hexes          | |  0.2
Charms         | |  0.2
Summonings     | |  0.2
Necromancy     | |  0.2
Translocations | |  0.2
Transmutations | |  0.2
Fire Magic     | |  0.2
Ice Magic      | |  0.2
Air Magic      | |  0.2
Earth Magic    | |  0.2
Poison Magic   | |  0.2
Invocations    | |  0.5
Evocations     | |  0.4

Action                   || total
-------------------------++-------
Melee: Dagger            ||     4
 Cast: Foxfire           ||    28
Armor: Robe              ||     2
Dodge: Dodged            ||    12
